 Dungeon Crawl Stone Soup version 0.20.1-1-g8b1a95d (webtiles) character file.

2726 dohliylev the Covert (level 9, 0/58 (61) HPs)
             Began as a Vampire Enchanter on Aug 12, 2017.
             Was an Initiate of Okawaru.
             Slain by a two-headed ogre
             ... wielding a +0 giant club
              (10 damage)
             ... on level 7 of the Dungeon.
             The game lasted 00:21:33 (6596 turns).

dohliylev the Covert (Vampire Enchanter)            Turns: 6596, Time: 00:21:34

HP:   0/58 (61)     AC:  4    Str:  7    XL:     9   Next: 40%
MP:   6/15          EV: 14    Int: 21    God:    Okawaru [......]
Gold: 305           SH:  0    Dex: 14    Spells: 10/16 levels left

rFire    . . .     SeeInvis +   i - +1 short sword (venom)
rCold    . . .     Gourm    .   (no shield)
rNeg     . . .     Faith    .   b - +0 robe
rPois    +         Spirit   .   (no helmet)
rElec    .         Reflect  .   (no cloak)
rCorr    .         Harm     .   g - +0 pair of gloves
MR       .....                  x - +0 pair of boots
Stlth    +++++++...             s - amulet of magic regeneration
Regen    0.4/turn               e - ring of poison resistance
MPRegen  0.3/turn               A - ring of stealth

@: regenerating quickly
A: fangs 3, see invisible, unbreathing, subdued magic 1, MP-powered wands
a: Renounce Religion


You were on level 7 of the Dungeon.
You worshipped Okawaru.
Okawaru was noncommittal.
You were almost alive.

You visited 2 branches of the dungeon, and saw 8 of its levels.

You collected 305 gold pieces.

Inventory:

Hand Weapons
 a - a +1 dagger
 i - a +1 short sword of venom (weapon)
 j - a +0 antimagic dagger
 u - a +1 dagger of distortion
Armour
 b - a +0 robe (worn)
 g - a +0 pair of gloves (worn)
 x - a +0 pair of boots (worn)
Jewellery
 e - a ring of poison resistance (left hand)
 s - an amulet of magic regeneration (around neck)
 A - a ring of stealth (right hand)
 C - a cursed ring of loudness {unknown}
Wands
 y - a wand of disintegration (12/24)
Scrolls
 d - a scroll of magic mapping {unknown}
 f - 4 scrolls of enchant weapon {unknown}
 h - 2 scrolls of teleportation {unknown}
 l - 3 scrolls of recharging {unknown}
 m - a scroll of amnesia {unknown}
 p - 5 scrolls of remove curse {unknown}
 r - 6 scrolls of identify {unknown}
 t - a scroll of fog {unknown}
 v - a scroll of blinking {unknown}
Potions
 k - a potion of degeneration {unknown}
 n - 5 potions of brilliance {unknown}
 o - a potion of haste {unknown}
 q - a potion of lignification {unknown}
 w - 3 potions of mutation {unknown}
 z - 2 potions of curing {unknown}
 B - 2 potions of flight {unknown}
 D - a potion of heal wounds {unknown}
 E - 2 potions of blood
Books
 c - a book of Maledictions

   Spells                             Type                      Level
   a - Corona                         Hexes                        1
   b - Ensorcelled Hibernation        Hexes/Ice                    2
   c - Confuse                        Hexes                        3
   d - Tukima's Dance                 Hexes                        3
   e - Dazzling Spray                 Conjuration/Hexes            3


   Skills:
 + Level 2.1 Fighting
 + Level 4.7 Short Blades
 + Level 3.9 Dodging
 * Level 14.1 Stealth
 + Level 4.2 Spellcasting
 - Level 7.3 Hexes
 - Level 3.2 Ice Magic


You had 10 spell levels left.
You knew the following spells:

 Your Spells              Type           Power        Failure   Level  Hunger
a - Corona                Hex            ####...      1%          1    None
b - Ensorcelled Hibernat  Hex/Ice        ###...       1%          2    #......
c - Confuse               Hex            ####....     1%          3    ##.....


Dungeon Overview and Level Annotations

Branches:
Dungeon (7/15)             Temple (1/1) D:6

Altars:
Ashenzari
Cheibriados
Dithmenos
Elyvilon
Fedhas
Gozag
Hepliaklqana
Kikubaaqudgha
Makhleb
Nemelex Xobeh
Okawaru
Qazlal
Ru
Sif Muna
Trog
Uskayaw
Vehumet
Xom
Yredelemnul
Zin
The Shining One

Annotations:
Abyss:1 Robin


Innate Abilities, Weirdness & Mutations

Your natural rate of healing is unusually fast.
You have razor-sharp teeth.
You have supernaturally acute eyesight. (SInv)
You can survive without breathing.
Your spells are a little easier to cast, but a little less powerful.
You expend magic power (3 MP) to strengthen your wands.


Message History

Aim: a two-headed ogre, wielding a giant club and a dire flail (chance to defeat MR: 32%)
The two-headed ogre easily resists.
The two-headed ogre hits you with a giant club!
The two-headed ogre hits you with a dire flail!
Casting: Ensorcelled Hibernation
Confirm with . or Enter, or press ? or * to list all spells.
Aiming: Ensorcelled Hibernation
Press: ? - help, Shift-Dir - straight line, f/p - two-headed ogre
Aim: a two-headed ogre, wielding a giant club and a dire flail (chance to defeat MR: 32%)
The two-headed ogre easily resists.
Casting: Ensorcelled Hibernation
Confirm with . or Enter, or press ? or * to list all spells.
Aiming: Ensorcelled Hibernation
Press: ? - help, Shift-Dir - straight line, f/p - two-headed ogre
Aim: a two-headed ogre, wielding a giant club and a dire flail (chance to defeat MR: 32%)
The two-headed ogre easily resists.
The two-headed ogre hits you with a giant club!
* * * LOW HITPOINT WARNING * * *
The two-headed ogre hits you with a dire flail!
You die...

##.#..).###..<...
.........).....#
###.#....###.#.#
#.##.#.###.#.#####
#.................
+..........#..####
#.##.#.#####..#
#......# #..# #
#@##.### #..#
#.#.#O##.# #..#
#....l.#.# #..#
.......#...# ...# #
#####....#..........#
>. #.#.......... ...
#.########... #.# #.
.. # #. #


You could see a two-headed ogre and an iguana.

Vanquished Creatures
  A two-headed ogre (D:5)
  Sigmund (D:3)
  Edmund (D:4)
  An orc warrior (D:6)
  3 ogres
  2 necrophages (D:6)
  A phantom (D:5)
  A crocodile (D:7)
  A centaur (D:7)
  A bullfrog (D:3)
  A scorpion (D:6)
  A wyvern skeleton (D:6)
  A crimson imp (D:6)
  A hound (D:5)
  A jelly (D:6)
  3 orc priests
  6 orc wizards
  A bullfrog skeleton (D:5)
  4 worker ants
  Natasha (twice) (D:3)
  Terence (D:3)
  A killer bee zombie (D:7)
  A hound skeleton (D:6)
  3 gnolls (D:4)
  5 adders
  2 oozes
  4 adder skeletons
  A worm (D:3)
  A dart slug (D:1)
  2 leopard geckos
  15 orcs
  2 ball pythons
  3 giant cockroaches
  22 goblins
  4 hobgoblins
  3 jackals (D:5)
  4 quokkas
  9 bats
  6 frilled lizards
  9 kobolds
  2 leopard gecko skeletons
  A quokka skeleton (D:5)
  6 rats
141 creatures vanquished.

Vanquished Creatures (others)
  An ice beast (D:6)
  A phantom (D:4)
  A leopard gecko (D:3)
  A goblin (D:3)
4 creatures vanquished.

Grand Total: 145 creatures vanquished

Notes
Turn   | Place    | Note
-------+----------+-------------------------------------------
     0 | D:1      | dohliylev the Vampire Enchanter began the quest for the Orb.
     0 | D:1      | Reached XP level 1. HP: 13/13 MP: 3/3
   395 | D:1      | Reached skill level 5 in Stealth
   400 | D:1      | Reached XP level 2. HP: 5/19 MP: 5/5
   404 | D:1      | Learned a level 2 spell: Ensorcelled Hibernation
  1405 | D:2      | Reached XP level 3. HP: 25/25 MP: 6/6
  1725 | D:2      | Reached skill level 1 in Fighting
  1948 | D:3      | Reached skill level 6 in Stealth
  1984 | D:3      | Reached XP level 4. HP: 32/32 MP: 7/7
  2023 | D:3      | Noticed Natasha
  2032 | D:3      | Killed Natasha
  2101 | D:3      | Reached skill level 1 in Ice Magic
  2111 | D:3      | Reached XP level 5. HP: 31/37 MP: 3/8
  2155 | D:3      | Noticed Sigmund
  2180 | D:3      | Killed Sigmund
  2180 | D:3      | Reached skill level 8 in Stealth
  2180 | D:3      | Reached skill level 5 in Hexes
  2180 | D:3      | Reached XP level 6. HP: 16/43 MP: 4/9
  2316 | D:3      | Noticed Terence
  2325 | D:3      | Killed Terence
  2351 | D:3      | Noticed Robin
  2589 | D:3      | Banished Robin
  2705 | D:3      | Noticed Natasha
  2713 | D:3      | Killed Natasha
  2831 | D:3      | Found a faded altar of an unknown god.
  3252 | D:4      | Reached skill level 9 in Stealth
  3252 | D:4      | Reached XP level 7. HP: 46/48 MP: 6/11
  3540 | D:4      | Learned a level 3 spell: Confuse
  3556 | D:4      | Noticed Edmund
  3590 | D:4      | Killed Edmund
  3889 | D:5      | Entered Level 5 of the Dungeon
  3955 | D:5      | Noticed a two-headed ogre
  3966 | D:5      | Killed a two-headed ogre
  3966 | D:5      | Reached skill level 11 in Stealth
  3966 | D:5      | Reached XP level 8. HP: 54/54 MP: 8/13
  4021 | D:5      | Reached skill level 12 in Stealth
  5034 | D:6      | Reached skill level 13 in Stealth
  5034 | D:6      | Reached XP level 9. HP: 12/58 MP: 3/14
  5048 | D:6      | Found a staircase to the Ecumenical Temple.
  5057 | Temple   | Entered the Ecumenical Temple
  5350 | Temple   | Became a worshipper of Warmaster Okawaru
  6182 | D:6      | Gained mutation: Your spells are a little easier to cast, but a little less powerful. [mutagenic glow]
  6215 | D:7      | Gained mutation: You expend magic power (3 MP) to strengthen your wands. [mutagenic glow]
  6446 | D:7      | Reached skill level 14 in Stealth
  6582 | D:7      | Noticed a two-headed ogre
  6596 | D:7      | Slain by a two-headed ogre

Skill      XL: |  1  2  3  4  5  6  7  8  9 |
---------------+----------------------------+-----
Stealth        | 5 6 8 9 11 13 14 | 14.1
Fighting       | 1 2 |  2.1
Ice Magic      | 1 2 3 |  3.2
Short Blades   | 2 4 |  4.7
Dodging        | 3 |  3.9
Hexes          | 5 6 7 |  7.3
Spellcasting   | 3 4 |  4.2

Action                   |  1- 3 |  4- 6 |  7- 9 || total
-------------------------+-------+-------+-------++-------
Melee: Dagger            |    46 |    60 |   105 ||   211
       Bite              |     5 |     6 |     3 ||    14
       Short sword       |    57 |    36 |    46 ||   139
 Cast: Ensorcelled Hiber |     7 |    29 |    43 ||    79
       Corona            |       |     1 |     2 ||     3
       Confuse           |       |       |     8 ||     8
 Abil: End Transformatio |       |       |     1 ||     1
       Bat Form          |       |       |     1 ||     1
  Use: Potion            |       |     1 |     7 ||     8
 Stab: Sleeping          |    14 |    14 |    40 ||    68
       Distracted        |     1 |       |     1 ||     2
  Eat: Corpse            |    12 |     8 |     9 ||    29
Armor: Robe              |    27 |    25 |    17 ||    69
Dodge: Dodged            |    67 |    90 |    73 ||   230
